 Dungeon Crawl Stone Soup version 0.24.0-1-gfbc8707 (webtiles) character file.

Game seed: 5866784677244482662, levelgen mode: deterministic

152 Illumine the Grasshopper (level 5, -4/40 HPs)
             Began as a Gnoll Wanderer on Dec 15, 2019.
             Killed by divine providence
             ... invoked by an orc priest
              (15 damage)
             ... on level 3 of the Dungeon on Dec 16, 2019.
             The game lasted 00:04:14 (2724 turns).

Illumine the Grasshopper (Gnoll Wanderer)           Turns: 2724, Time: 00:04:14

Health: -4/40      AC: 11    Str: 14    XL:     5   Next: 34%
Magic:  12/12      EV: 25    Int: 15    God:
Gold:   128        SH:  0    Dex: 15    Spells: 13/14 levels left

rFire    . . .     SeeInvis .   m - +0 trident
rCold    . . .     Gourm    .   (no shield)
rNeg     . . .     Faith    .   c - +2 scale mail
rPois    .         Spirit   .   a - +0 helmet
rElec    .         Reflect  .   (no cloak)
rCorr    .         Harm     .   h - +0 pair of gloves
MR       .....                  (no boots)
Stlth    +.........             p - amulet of the acrobat
HPRegen  0.13/turn              (no ring)
MPRegen  0.13/turn              (no ring)

@: acrobat
A: distributed training, fangs 1, strong nose
a: no special abilities


You were on level 3 of the Dungeon.
You were not hungry.

You visited 1 branch of the dungeon, and saw 4 of its levels.

You collected 128 gold pieces.

Inventory:

Hand Weapons
 m - a +0 trident (weapon)
Armour
 a - a +0 helmet (worn)
 c - a +2 scale mail (worn)
 h - a +0 pair of gloves (worn)
Jewellery
 p - an amulet of the acrobat (around neck)
Scrolls
 e - a scroll of enchant weapon {unknown}
 i - a scroll of enchant armour {unknown}
 j - 2 scrolls of teleportation
 l - a scroll of magic mapping {unknown}
 n - a scroll of amnesia {unknown}
 o - a scroll of blinking {unknown}
Potions
 b - a potion of ambrosia
 f - 2 potions of haste
 g - a potion of agility
 k - a potion of lignification {unknown}
 q - a potion of curing {unknown}
Comestibles
 d - 8 rations
 r - a chunk of flesh


   Skills:
 + Level 2.9 Fighting
 + Level 1.4 Short Blades
 + Level 1.4 Long Blades
 + Level 1.4 Axes
 + Level 1.4 Maces & Flails
 + Level 1.4 Polearms
 + Level 1.4 Staves
 + Level 1.4 Slings
 + Level 1.4 Bows
 + Level 1.4 Crossbows
 + Level 2.9 Throwing
 + Level 4.7 Armour
 + Level 1.4 Dodging
 + Level 2.7 Stealth
 + Level 1.4 Shields
 + Level 1.4 Unarmed Combat
 + Level 5.2 Spellcasting
 + Level 1.1 Conjurations
 + Level 1.1 Hexes
 + Level 1.1 Charms
 + Level 1.1 Summonings
 + Level 1.1 Necromancy
 + Level 5.5 Translocations
 + Level 1.1 Transmutations
 + Level 1.1 Fire Magic
 + Level 1.1 Ice Magic
 + Level 1.1 Air Magic
 + Level 1.1 Earth Magic
 + Level 1.1 Poison Magic
 + Level 1.6 Invocations
 + Level 1.4 Evocations


You had 13 spell levels left.
You knew the following spells:

 Your Spells              Type           Power        Failure   Level  Hunger
a - Flame Tongue          Conj/Fire      #....        36%         1    None

Your spell library contained the following spells:

 Spells                   Type           Power        Failure   Level  Hunger
 Conjure Flame            Conj/Fire      #.......     75%         3    ###....


Dungeon Overview and Level Annotations

Branches:
Dungeon (4/15)
 Temple: D:4-7

Altars:
Ru
Trog
Uskayaw

Annotations:
D:3 Grinder


Innate Abilities, Weirdness & Mutations

Your experience applies equally to all skills.
You have very sharp teeth.
Your uncanny sense of smell can sniff out nearby items.


Message History

You hit the orc but do no damage. The orc closely misses you.
You closely miss the orc. The orc hits you but does no damage.
You hit the orc.
The orc is heavily wounded.
The orc barely misses you.
Your scale mail prevents you from hitting the orc.
The orc is heavily wounded.
The orc barely misses you.
The orc priest calls down the wrath of Beogh upon you.
Beogh smites you!
You barely miss the orc.
The orc is heavily wounded.
The orc closely misses you.
The orc priest mumbles some strange prayers to Beogh against you.
Beogh smites you!
* * * LOW HITPOINT WARNING * * *
The orc closely misses you.
The orc priest invokes the aid of Beogh against you.
Beogh smites you!
You die...

#...# #...#
###########...#########
#.............(......(.
##.##################..
#.# ...# #...... #5#
###.########.###.. #.#
#.....)....((# #.. #.#
#@#.########## #.. #.#
#.#.# ### #.# #o#.# #=#
#o#.# #.# #o#.# #.#
or#.# #.# o.#.# #.#
#.#.# #.#


You could see an orc priest, 4 orcs and a rat.

Vanquished Creatures
  An orc wizard (D:2)
  Robin (D:2)
  4 adders
  2 oozes (D:2)
  3 worms (D:3)
  A leopard gecko (D:1)
  An orc (D:3)
  A ball python (D:2)
  5 bats
  4 giant cockroaches
  16 goblins
  6 hobgoblins
  A quokka (D:3)
  4 frilled lizards
  6 kobolds
  7 rats
63 creatures vanquished.

Notes
Turn   | Place    | Note
-------+----------+-------------------------------------------
     0 | D:1      | Illumine the Gnoll Wanderer began the quest for the Orb.
     0 | D:1      | Illumine set off with the following items: a +0 spear, a +2
                  | scale mail, a ration; and the following spell memorised:
                  | Flame Tongue; and the following spells available to
                  | memorise: Conjure Flame
     0 | D:1      | Reached XP level 1. HP: 17/17 MP: 6/6
   101 | D:1      | Reached XP level 2. HP: 20/23 MP: 7/7
   557 | D:1      | Reached XP level 3. HP: 20/28 MP: 9/9
   764 | D:2      | Reached skill level 5 in Spellcasting
   776 | D:2      | Found a sacrificial altar of Ru.
   810 | D:2      | Reached skill level 1 in Short Blades
   810 | D:2      | Reached skill level 1 in Long Blades
   810 | D:2      | Reached skill level 1 in Axes
   810 | D:2      | Reached skill level 1 in Maces & Flails
   810 | D:2      | Reached skill level 1 in Polearms
   810 | D:2      | Reached skill level 1 in Staves
   810 | D:2      | Reached skill level 1 in Slings
   810 | D:2      | Reached skill level 1 in Bows
   810 | D:2      | Reached skill level 1 in Crossbows
   810 | D:2      | Reached skill level 1 in Dodging
   810 | D:2      | Reached skill level 1 in Shields
   810 | D:2      | Reached skill level 1 in Unarmed Combat
   810 | D:2      | Reached skill level 1 in Invocations
   810 | D:2      | Reached skill level 1 in Evocations
   936 | D:2      | Reached XP level 4. HP: 31/34 MP: 11/11
  1435 | D:2      | Found a hide-covered altar of Uskayaw.
  1581 | D:2      | Noticed Robin
  1602 | D:2      | Reached skill level 1 in Conjurations
  1602 | D:2      | Reached skill level 1 in Hexes
  1602 | D:2      | Reached skill level 1 in Charms
  1602 | D:2      | Reached skill level 1 in Summonings
  1602 | D:2      | Reached skill level 1 in Necromancy
  1602 | D:2      | Reached skill level 1 in Transmutations
  1602 | D:2      | Reached skill level 1 in Fire Magic
  1602 | D:2      | Reached skill level 1 in Ice Magic
  1602 | D:2      | Reached skill level 1 in Air Magic
  1602 | D:2      | Reached skill level 1 in Earth Magic
  1602 | D:2      | Reached skill level 1 in Poison Magic
  1689 | D:2      | Killed Robin
  1735 | D:2      | Reached XP level 5. HP: 37/40 MP: 12/12
  2386 | D:3      | Noticed Grinder
  2478 | D:4      | Noticed an ice beast
  2627 | D:3      | Found a bloodstained altar of Trog.
  2724 | D:3      | Killed from afar by an orc priest

Levels and vault maps discovered:
D:1:      roderic_dead_forest, layout_rooms, minmay_pentomino_q4
D:2:      kennysheep_big_flooded_room, layout_loops_corners,
          nicolae_overflow_hidden_temple, nicolae_ru_great_annihilating_truth,
          uniq_robin
D:3:      layout_basic, trog_butcher_becter, uniq_grinder
D:4:      corexii_shack_village, layout_basic, first_ration,
          minmay_misc_feat_encased, grunt_tough_drop

Skill      XL: |  1  2  3  4 |
---------------+-------------+-----
Spellcasting   | 5 |  5.2
Short Blades   | 1 |  1.4
Long Blades    | 1 |  1.4
Axes           | 1 |  1.4
Maces & Flails | 1 |  1.4
Polearms       | 1 |  1.4
Staves         | 1 |  1.4
Slings         | 1 |  1.4
Bows           | 1 |  1.4
Crossbows      | 1 |  1.4
Dodging        | 1 |  1.4
Shields        | 1 |  1.4
Unarmed Combat | 1 |  1.4
Invocations    | 1 |  1.6
Evocations     | 1 |  1.4
Conjurations   | 1 |  1.1
Hexes          | 1 |  1.1
Charms         | 1 |  1.1
Summonings     | 1 |  1.1
Necromancy     | 1 |  1.1
Transmutations | 1 |  1.1
Fire Magic     | 1 |  1.1
Ice Magic      | 1 |  1.1
Air Magic      | 1 |  1.1
Earth Magic    | 1 |  1.1
Poison Magic   | 1 |  1.1
Fighting       | |  2.9
Throwing       | |  2.9
Armour         | |  4.7
Stealth        | |  2.7
Translocations | |  5.5

Action                   |  1- 3 |  4- 6 || total
-------------------------+-------+-------++-------
Melee: Spear             |   115 |    71 ||   186
       Bite              |    12 |    19 ||    31
       Trident           |       |    95 ||    95
 Cast: Flame Tongue      |     1 |       ||     1
  Use: Scroll            |       |     4 ||     4
  Eat: Chunk             |       |     6 ||     6
Armor: Scale mail        |    52 |    81 ||   133
Dodge: Dodged            |    52 |    94 ||   146
